| TOP OF THE 1ST |
|
Chicago White Sox batting - Pitching for Minnesota Twins : LHP Luis Perez
|
|
Pitching: LHP Luis Perez
|
|
|
Batting: SHB Alfie Bungledorf
|
0-0: Ball 1-0: Called Strike 1-1: Ball 2-1: Swinging Strike 2-2: Foul Ball, location: 2F 2-2: Strikes out swinging
|
|
Batting: RHB Dieter Knoops
|
0-0: Ground out U3 (Groundball, 13, EV 83.1 MPH)
|
|
Batting: RHB Joseph Disepolo
|
0-0: Ball 1-0: Ball 2-0: Swinging Strike 2-1: Ball 3-1: Swinging Strike 3-2: Base on Balls
|
|
Batting: RHB Leo Navarro
|
0-0: Ball 1-0: Ball 2-0: Foul Ball, location: 2F 2-1: Ball 3-1: Ground out 1-3 (Groundball, P, EV 70.0 MPH)
|
| Top of the 1st over - 0 runs, 0 hits, 0 errors, 1 left on base; Chicago 0 - Minnesota 0 |
| BOTTOM OF THE 1ST |
|
Minnesota Twins batting - Pitching for Chicago White Sox : RHP Ricky Salas
|
|
Pitching: RHP Ricky Salas
|
|
|
Batting: LHB Peer Derks
|
0-0: Called Strike 0-1: Ball 1-1: Foul Ball, location: 2F 1-2: Foul Ball, location: 2F 1-2: Strikes out looking
|
|
Batting: RHB Will Leslie
|
0-0: Fly out, F3 (Popup, 34, EV 66.9 MPH)
|
|
Batting: RHB Greg Harman
|
0-0: Ground out 6-3 (Groundball, 6, EV 85.6 MPH)
|
| Bottom of the 1st over - 0 runs, 0 hits, 0 errors, 0 left on base; Chicago 0 - Minnesota 0 |
| TOP OF THE 2ND |
|
Chicago White Sox batting - Pitching for Minnesota Twins : LHP Luis Perez
|
|
Batting: RHB Dietmar Warmisch
|
0-0: Called Strike 0-1: Ground out 6-3 (Groundball, 56D, EV 104.4 MPH)
|
|
Batting: RHB Rich Stinson
|
0-0: Ball 1-0: Foul Ball, location: 2F 1-1: Called Strike 1-2: Ball 2-2: Strikes out swinging
|
|
Batting: RHB Chris Cooper
|
0-0: DOUBLE (Line Drive, 7LD, EV 108.1 MPH)
|
|
Batting: RHB Jon Solano
|
0-0: Fly out, F8 (Flyball, 8RXD, EV 105.0 MPH)
|
| Top of the 2nd over - 0 runs, 1 hit, 0 errors, 1 left on base; Chicago 0 - Minnesota 0 |
| BOTTOM OF THE 2ND |
|
Minnesota Twins batting - Pitching for Chicago White Sox : RHP Ricky Salas
|
|
Batting: RHB Miguel Gonzalez
|
0-0: Ball 1-0: Ball 2-0: Foul Ball, location: 2F 2-1: Ground out 1-3 (Groundball, 15S, EV 70.6 MPH)
|
|
Batting: LHB Ryan Flynn Jr.
|
0-0: Called Strike 0-1: Ball 1-1: Called Strike 1-2: Strikes out swinging
|
|
Batting: RHB Miguel Diaz
|
0-0: Ball 1-0: Ball 2-0: Ball 3-0: Foul Ball, location: 2F 3-1: Base on Balls
|
|
Batting: LHB Harris Vink
|
0-0: Swinging Strike 0-1: SINGLE (Line Drive, 6MD, EV 102.5 MPH) Miguel Diaz to second
|
|
Batting: RHB Matt Dunn
|
0-0: Foul Ball, location: 2F 0-1: Ball 1-1: Swinging Strike 1-2: Strikes out swinging
|
| Bottom of the 2nd over - 0 runs, 1 hit, 0 errors, 2 left on base; Chicago 0 - Minnesota 0 |
| TOP OF THE 3RD |
|
Chicago White Sox batting - Pitching for Minnesota Twins : LHP Luis Perez
|
|
Batting: RHB Brad Boals
|
0-0: Called Strike 0-1: Fly out, F8 (Flyball, 8LM, EV 86.2 MPH)
|
|
Batting: SHB Alfie Bungledorf
|
0-0: Ball 1-0: Ground out 4-3 (Groundball, 34, EV 78.8 MPH)
|
|
Batting: RHB Dieter Knoops
|
0-0: Called Strike 0-1: Called Strike 0-2: Ground out 4-3 (Groundball, 4M, EV 113.1 MPH)
|
| Top of the 3rd over - 0 runs, 0 hits, 0 errors, 0 left on base; Chicago 0 - Minnesota 0 |
| BOTTOM OF THE 3RD |
|
Minnesota Twins batting - Pitching for Chicago White Sox : RHP Ricky Salas
|
|
Batting: RHB Alex Sandoval
|
0-0: Called Strike 0-1: Ball 1-1: Swinging Strike 1-2: SINGLE (Line Drive, 8RS, EV 103.8 MPH)
|
|
Batting: LHB Peer Derks
|
0-0: Called Strike 0-1: Bunted foul 0-2: Ball 1-2: Foul Ball, location: 2F 1-2: Fielders Choice at 2nd, 3-6 (Groundball, 3, EV 106.9 MPH)
|
|
Batting: RHB Will Leslie
|
0-0: Ball 1-0: Ground out 5-3 (Groundball, 5S, EV 70.6 MPH) Peer Derks to second
|
|
Batting: RHB Greg Harman
|
0-0: Foul Ball, location: 2F 0-1: Ball 1-1: Ball 2-1: Foul Ball, location: 2F 2-2: Ball 3-2: Fly out, F4 (Flyball, 4D, EV 94.4 MPH)
|
| Bottom of the 3rd over - 0 runs, 1 hit, 0 errors, 1 left on base; Chicago 0 - Minnesota 0 |
| TOP OF THE 4TH |
|
Chicago White Sox batting - Pitching for Minnesota Twins : LHP Luis Perez
|
|
Batting: RHB Joseph Disepolo
|
0-0: Ground out U3 (Groundball, 3, EV 103.8 MPH)
|
|
Batting: RHB Leo Navarro
|
0-0: Called Strike 0-1: Ball 1-1: Called Strike 1-2: Foul Ball, location: 2F 1-2: Ball 2-2: Ground out 6-3 (Groundball, 6, EV 105.0 MPH)
|
|
Batting: RHB Dietmar Warmisch
|
0-0: Called Strike 0-1: Ball 1-1: SINGLE (Line Drive, 6MD, EV 96.2 MPH)
|
|
Batting: RHB Rich Stinson
|
0-0: Called Strike 0-1: Ball 1-1: Fly out, F9 (Flyball, 89M, EV 96.2 MPH)
|
| Top of the 4th over - 0 runs, 1 hit, 0 errors, 1 left on base; Chicago 0 - Minnesota 0 |
| BOTTOM OF THE 4TH |
|
Minnesota Twins batting - Pitching for Chicago White Sox : RHP Ricky Salas
|
|
Batting: RHB Miguel Gonzalez
|
0-0: Foul Ball, location: 2F 0-1: Foul Ball, location: 2F 0-2: Ball 1-2: Ball 2-2: Foul Ball, location: 2F 2-2: Ball 3-2: Foul Ball, location: 2F 3-2: Ground out 5-3 (Groundball, 5S, EV 69.4 MPH)
|
|
Batting: LHB Ryan Flynn Jr.
|
0-0: Ball 1-0: Ball 2-0: Foul Ball, location: 2F 2-1: Ball 3-1: Foul Ball, location: 2F 3-2: Strikes out swinging
|
|
Batting: RHB Miguel Diaz
|
0-0: Called Strike 0-1: Ball 1-1: Foul Ball, location: 2F 1-2: Ball 2-2: SINGLE (Groundball, 6MD, EV 101.2 MPH)
|
|
Batting: LHB Harris Vink
|
0-0: Called Strike 0-1: Swinging Strike 0-2: Foul Ball, location: 2F 0-2: Strikes out looking
|
| Bottom of the 4th over - 0 runs, 1 hit, 0 errors, 1 left on base; Chicago 0 - Minnesota 0 |
| TOP OF THE 5TH |
|
Chicago White Sox batting - Pitching for Minnesota Twins : LHP Luis Perez
|
|
Batting: RHB Chris Cooper
|
0-0: Called Strike 0-1: Ball 1-1: Ball 2-1: Foul Ball, location: 2F 2-2: Ball 3-2: Foul Ball, location: 2F 3-2: SINGLE (Line Drive, 7S, EV 92.5 MPH)
|
|
Batting: RHB Jon Solano
|
0-0: SINGLE (Line Drive, 8LS, EV 87.5 MPH) Chris Cooper to second
|
|
Batting: RHB Brad Boals
|
0-0: Foul Ball, location: 2F 0-1: Fly out, F6 (Line Drive, 56, EV 64.4 MPH) Lined into DP, 6-4 (Line Drive, 56, EV 65.6 MPH)
|
|
Batting: SHB Alfie Bungledorf
|
0-0: SINGLE (Line Drive, 5D, EV 104.4 MPH) Jon Solano to second
|
|
Batting: RHB Dieter Knoops
|
0-0: Ball 1-0: Foul Ball, location: 2F 1-1: Foul Ball, location: 2F 1-2: Ball 2-2: Fielders Choice at 2nd, 6-4 (Groundball, 6, EV 83.8 MPH)
|
| Top of the 5th over - 0 runs, 3 hits, 0 errors, 2 left on base; Chicago 0 - Minnesota 0 |
| BOTTOM OF THE 5TH |
|
Minnesota Twins batting - Pitching for Chicago White Sox : RHP Ricky Salas
|
|
Batting: RHB Matt Dunn
|
0-0: Ball 1-0: Called Strike 1-1: Ball 2-1: Ground out 5-3 (Groundball, 5, EV 83.1 MPH)
|
|
Batting: RHB Alex Sandoval
|
0-0: Called Strike 0-1: SINGLE (Line Drive, 8RS, EV 113.8 MPH)
|
|
Batting: LHB Peer Derks
|
0-0: Called Strike Alex Sandoval steals 2nd base (no throw) 0-1: Ball 1-1: Hit by Pitch
|
|
Batting: RHB Will Leslie
|
0-0: Foul Ball, location: 2F 0-1: Swinging Strike 0-2: DOUBLE (Flyball, 78XD, EV 108.1 MPH) Alex Sandoval scores Peer Derks to third Runner from 3rd tries for Home, throw by CF and OUT! 8-6-2
|
|
Batting: RHB Greg Harman
|
0-0: Foul Ball, location: 2F 0-1: Swinging Strike 0-2: Ball 1-2: Strikes out swinging, 2-3 out at first.
|
| Bottom of the 5th over - 1 run, 2 hits, 0 errors, 1 left on base; Chicago 0 - Minnesota 1 |
| TOP OF THE 6TH |
|
Chicago White Sox batting - Pitching for Minnesota Twins : LHP Luis Perez
|
|
Batting: RHB Joseph Disepolo
|
0-0: Called Strike 0-1: Ball 1-1: Ball 2-1: Ball 3-1: Foul Ball, location: 2F 3-2: Base on Balls
|
|
Batting: RHB Leo Navarro
|
0-0: Ball 1-0: 2-RUN HOME RUN (Flyball, 7D, EV 95.6 MPH), Distance : 366 ft
|
|
Batting: RHB Dietmar Warmisch
|
0-0: Called Strike 0-1: Ball 1-1: Swinging Strike 1-2: Foul Ball, location: 2F 1-2: Ground out 6-3 (Groundball, 56, EV 103.8 MPH)
|
|
Batting: RHB Rich Stinson
|
0-0: Called Strike 0-1: Ball 1-1: Called Strike 1-2: DOUBLE (Line Drive, 7LD, EV 106.9 MPH)
|
|
Batting: RHB Chris Cooper
|
0-0: Called Strike 0-1: Called Strike 0-2: Ball 1-2: Fly out, F4 (Popup, 4MD, EV 58.1 MPH)
|
|
Batting: RHB Jon Solano
|
0-0: Swinging Strike 0-1: Ball 1-1: Foul Ball, location: 2F 1-2: Ball 2-2: Strikes out swinging
|
| Top of the 6th over - 2 runs, 2 hits, 0 errors, 1 left on base; Chicago 2 - Minnesota 1 |
| BOTTOM OF THE 6TH |
|
Minnesota Twins batting - Pitching for Chicago White Sox : RHP Ricky Salas
|
|
Batting: RHB Miguel Gonzalez
|
0-0: Ball 1-0: Ball 2-0: Called Strike 2-1: Swinging Strike 2-2: DOUBLE (Line Drive, 7LS, EV 110.0 MPH)
|
|
Batting: LHB Ryan Flynn Jr.
|
0-0: Ball 1-0: Foul Ball, location: 2F 1-1: Foul Ball, location: 2F 1-2: Ground out 5-3 (Groundball, 56, EV 105.6 MPH)
|
|
Batting: RHB Miguel Diaz
|
0-0: Ball 1-0: Ball 2-0: Foul Ball, location: 2F 2-1: Ball 3-1: Called Strike 3-2: SINGLE (Groundball, 6MD, EV 96.2 MPH) Miguel Gonzalez to third
|
|
Batting: LHB Harris Vink
|
0-0: Ball 1-0: Hit by Pitch Miguel Diaz to second
|
|
Batting: RHB Matt Dunn
|
0-0: Called Strike 0-1: Ball 1-1: Called Strike 1-2: Strikes out swinging
|
|
Pinch Hitting: LHB Per Meulengracht
|
0-0: Ball 1-0: Fielders Choice at 2nd, U6 (Groundball, 6M, EV 96.9 MPH)
|
| Bottom of the 6th over - 0 runs, 2 hits, 0 errors, 3 left on base; Chicago 2 - Minnesota 1 |
| TOP OF THE 7TH |
|
Chicago White Sox batting - Pitching for Minnesota Twins : LHP Luis Perez
|
|
Now at SS: Alex Rodriguez Jr.
|
|
|
Batting: RHB Brad Boals
|
0-0: Ground out 6-3 (Groundball, 6, EV 104.4 MPH)
|
|
Batting: SHB Alfie Bungledorf
|
0-0: Ball 1-0: SOLO HOME RUN (Flyball, 78XD, EV 98.1 MPH), Distance : 393 ft
|
|
Batting: RHB Dieter Knoops
|
0-0: Called Strike 0-1: Foul Ball, location: 2F 0-2: Ball 1-2: Ball 2-2: Ground out 6-3 (Groundball, 56, EV 103.8 MPH)
|
|
Batting: RHB Joseph Disepolo
|
0-0: Swinging Strike 0-1: Swinging Strike 0-2: Strikes out swinging
|
| Top of the 7th over - 1 run, 1 hit, 0 errors, 0 left on base; Chicago 3 - Minnesota 1 |
| BOTTOM OF THE 7TH |
|
Minnesota Twins batting - Pitching for Chicago White Sox : RHP Ricky Salas
|
|
Batting: LHB Peer Derks
|
0-0: Fly out, F7 (Flyball, 78S, EV 83.8 MPH)
|
|
Batting: RHB Will Leslie
|
0-0: Ball 1-0: Ball 2-0: Foul Ball, location: 2F 2-1: Swinging Strike 2-2: Strikes out swinging
|
|
Batting: RHB Greg Harman
|
0-0: Foul Ball, location: 2F 0-1: Ball 1-1: Ball 2-1: Ball 3-1: Foul Ball, location: 2F 3-2: Base on Balls
|
|
Pitching: RHP Riso Profanter
|
|
|
Batting: RHB Miguel Gonzalez
|
0-0: Ball 1-0: Ball 2-0: Ball 3-0: Base on Balls Greg Harman to second
|
|
Batting: LHB Ryan Flynn Jr.
|
0-0: Swinging Strike 0-1: Ball 1-1: Ball 2-1: Ground out 4-3 (Groundball, 34, EV 81.2 MPH)
|
| Bottom of the 7th over - 0 runs, 0 hits, 0 errors, 2 left on base; Chicago 3 - Minnesota 1 |
| TOP OF THE 8TH |
|
Chicago White Sox batting - Pitching for Minnesota Twins : LHP Luis Perez
|
|
Batting: RHB Leo Navarro
|
0-0: Ball 1-0: Called Strike 1-1: Swinging Strike 1-2: Ball 2-2: Strikes out swinging
|
|
Batting: RHB Dietmar Warmisch
|
0-0: Ball 1-0: Ball 2-0: Foul Ball, location: 2F 2-1: Fly out, F9 (Flyball, 89M, EV 87.5 MPH)
|
|
Batting: RHB Rich Stinson
|
0-0: Ball 1-0: Ground out 6-3 (Groundball, 6, EV 86.9 MPH)
|
| Top of the 8th over - 0 runs, 0 hits, 0 errors, 0 left on base; Chicago 3 - Minnesota 1 |
| BOTTOM OF THE 8TH |
|
Minnesota Twins batting - Pitching for Chicago White Sox : RHP Riso Profanter
|
|
Batting: RHB Miguel Diaz
|
0-0: Foul Ball, location: 2F 0-1: Foul Ball, location: 2F 0-2: Foul Ball, location: 2F 0-2: Strikes out swinging
|
|
Batting: LHB Harris Vink
|
0-0: Ball 1-0: Called Strike 1-1: Ball 2-1: Called Strike 2-2: Fly out, F8 (Flyball, 8LM, EV 91.9 MPH)
|
|
Batting: RHB Matt Dunn
|
0-0: Ball 1-0: SINGLE (Groundball, 4D, EV 101.9 MPH)
|
|
Batting: RHB Alex Rodriguez Jr.
|
0-0: Ball 1-0: Ball 2-0: Swinging Strike 2-1: Ball 3-1: Base on Balls Matt Dunn to second
|
|
Pitching: RHP Jacob Taylor
|
|
|
Batting: LHB Peer Derks
|
0-0: Hit by Pitch Matt Dunn to third Alex Rodriguez Jr. to second
|
|
Batting: RHB Will Leslie
|
0-0: Called Strike 0-1: Foul Ball, location: 2F 0-2: Ball 1-2: DOUBLE (Groundball, 5L, EV 103.1 MPH) Matt Dunn scores Alex Rodriguez Jr. scores Peer Derks to third Runner from 3rd tries for Home, SAFE, throw by LF to home
|
|
Batting: RHB Greg Harman
|
0-0: Intentional Walk
|
|
Batting: RHB Miguel Gonzalez
|
0-0: Called Strike 0-1: Ball 1-1: Fly out, F8 (Flyball, 8RD, EV 90.0 MPH)
|
| Bottom of the 8th over - 3 runs, 2 hits, 0 errors, 2 left on base; Chicago 3 - Minnesota 4 |
| TOP OF THE 9TH |
|
Chicago White Sox batting - Pitching for Minnesota Twins : LHP Luis Perez
|
|
Pitching: LHP Inkei Wakamatsu
|
|
|
Batting: RHB Chris Cooper
|
0-0: Called Strike 0-1: Ball 1-1: Foul Ball, location: 2F 1-2: Ball 2-2: Ball 3-2: Foul Ball, location: 2F 3-2: Strikes out swinging
|
|
Batting: RHB Jon Solano
|
0-0: Ground out 6-3 (Groundball, 6, EV 82.5 MPH)
|
|
Batting: RHB Brad Boals
|
0-0: Called Strike 0-1: Foul Ball, location: 2F 0-2: Ball 1-2: Ball 2-2: Ball 3-2: Ground out 5-3 (Groundball, 56, EV 105.6 MPH)
|
| Top of the 9th over - 0 runs, 0 hits, 0 errors, 0 left on base; Chicago 3 - Minnesota 4 |
|